 Dungeon Crawl Stone Soup version 0.30.1-11-g7821555f0a (webtiles) character file.

Game seed: 16722201644318921667

23 Curundu the Slasher (level 2, 0/27 HPs)
             Began as a Minotaur Berserker on Jan 1, 2024.
             Was a Follower of Trog.
             Slain by a cerulean imp
             ... wielding a +2 spear
             ... summoned by Natasha
              (2 damage)
             ... on level 2 of the Dungeon.
             The game lasted 00:02:44 (692 turns).

Curundu the Slasher (Minotaur Berserker)             Turns: 692, Time: 00:02:47

Health: 0/27       AC:  7    Str: 21    XL:     2   Next: 72%
Magic:  1/1        EV: 11    Int:  4    God:    Trog [*.....]
Gold:   63         SH:  0    Dex:  9    Spells: 1/1 levels left

rFire   . . .        a - +0 falchion
rCold   . . .        (no shield)
rNeg    . . .        c - +0 ring mail
rPois   .            (helmet restricted)
rElec   .            e - +0 cloak
rCorr   .            d - +0 pair of gloves
SInv    .            (no boots)
Will    .....        (no amulet) Stlth
                     (no ring)
HPRegen 0.24/turn    (no ring)
MPRegen 0.07/turn

%: no passive effects
@: no status effects
A: horns 2, retaliatory headbutt
a: Renounce Religion, Berserk


You were on level 2 of the Dungeon.
You worshipped Trog.
Trog was aware of your devotion.
You visited 1 branch of the dungeon, and saw 2 of its levels.

You collected 63 gold pieces.

Inventory:

Hand Weapons
 a - a +0 falchion (weapon)
Armour
 c - a +0 ring mail (worn)
 d - a +0 pair of gloves (worn)
 e - a +0 cloak (worn)
Scrolls
 b - a scroll of teleportation {unknown}
 f - a scroll of enchant weapon {unknown}
 h - a scroll of identify {unknown}
 i - a scroll of torment {unknown}
Potions
 g - 2 potions of attraction {unknown}


   Skills:
 + Level 4.0 Fighting
 + Level 4.3 Long Blades
 + Level 2.6 Armour
 + Level 2.4 Dodging


You had one spell level left.
You didn't know any spells.
Your spell library was empty.

Dungeon Overview and Level Annotations

Branches:
Dungeon (2/15)

Altars:

Annotations:
D:2 Natasha


Innate Abilities, Weirdness & Mutations

You have a pair of horns on your head.
You reflexively headbutt those who attack you in melee.


Message History

You hit the ufetubus.
The ufetubus is lightly wounded.
The ufetubus completely misses you. x2; The cerulean imp closely misses you.
You closely miss the ufetubus.
The ufetubus is lightly wounded.
The ufetubus hits you. The ufetubus closely misses you.
You hit the ufetubus but do no damage.
The ufetubus is lightly wounded.
The ufetubus hits you. The ufetubus completely misses you.
The cerulean imp hits you from afar with a +2 spear.
* * * LOW HITPOINT WARNING * * *
The ufetubus completely misses you. x2
You closely miss the ufetubus.
The ufetubus is lightly wounded.
You feel less batty.
Your +0 falchion unmelds from your body.
Your +0 cloak unmelds from your body.
Your +0 pair of gloves unmelds from your body.
Your +0 ring mail unmelds from your body.
The cerulean imp misses you. The ufetubus barely misses you.
You furiously retaliate!
You headbutt the ufetubus.
The ufetubus hits you but does no damage.
The cerulean imp barely misses you.
No quiver actions available for cycling.
Use [Q] to select from all actions.
You hit the ufetubus but do no damage.
The ufetubus is severely wounded.
The ufetubus hits you but does no damage.
The ufetubus closely misses you.
The cerulean imp hits you but does no damage.
The cerulean imp hits you from afar with a +2 spear.
* * * LOW HITPOINT WARNING * * *
The ufetubus barely misses you. The ufetubus closely misses you.
You miss the ufetubus. Your headbutt misses the ufetubus.
The ufetubus is severely wounded.
The ufetubus hits you but does no damage.
The ufetubus hits you.
* * * LOW HITPOINT WARNING * * *
The cerulean imp barely misses you.
The cerulean imp hits you from afar with a +2 spear.
You die...

#####.. #######
.....#. ##.....##
....... ##.......##
....... #.........#
....... #.........#
.......##...)<....#
........#5........#
.......@5b5.......#
.......##5........#
..................#
.......##.........#
....... #.........#
....... #.........#
......# ##.......##
>....# ##.....##
#######


You could see 3 cerulean imps, an ufetubus and a bat.

Vanquished Creatures
  2 bats (D:1)
  An endoplasm (D:1)
  A goblin (D:1)
  2 hobgoblins (D:1)
  7 jackals (D:1)
  A frilled lizard (D:1)
  3 kobolds
  3 rats (D:1)
20 creatures vanquished.

Notes
Turn   | Place    | Note
-------+----------+-------------------------------------------
     0 | D:1      | Curundu the Minotaur Berserker began the quest for the Orb.
     0 | D:1      | Reached XP level 1. HP: 19/19 MP: 0/0
   168 | D:1      | Reached XP level 2. HP: 27/27 MP: 1/1
   648 | D:2      | Noticed Natasha
   692 | D:2      | Slain by a cerulean imp

Illustrated notes

Levels and vault maps discovered:
D:1:      saegor_arrival_miasma, layout_loops_cross, minmay_misc_feat_doors
D:2:      layout_rooms, ebering_ecumenical_altar_abandoned,
          minmay_fractal_squares_gapless_5, uniq_natasha

Skill      XL: |  1  2 |
---------------+-------+-----
Long Blades    | 4 |  4.3
Fighting       | 4 |  4.0
Armour         | |  2.6
Dodging        | |  2.4

Action                     || total
---------------------------++-------
  Melee: Falchion          ||    44
         Headbutt          ||     4
         Unarmed           ||    13
 Armour: Ring mail         ||    31
  Dodge: Dodged            ||    98
